 Dungeon Crawl Stone Soup version 0.23-a0-182-g58cdd98 (webtiles) character file.

203 CanOfBees the Gusty (level 5, -4/30 HPs)
             Began as a Tengu Air Elementalist on Sept 20, 2018.
             Slain by an iguana (10 damage)
             ... on level 3 of the Dungeon.
             The game lasted 00:10:31 (5050 turns).

CanOfBees the Gusty (Tengu Air Elementalist)        Turns: 5050, Time: 00:10:32

Health: -4/30      AC:  6    Str:  9    XL:     5   Next: 81%
Magic:  8/10       EV: 12    Int: 21    God:
Gold:   123        SH:  0    Dex: 14    Spells: 2/10 levels left

rFire    . . .     SeeInvis .   l - +0 spear
rCold    . . .     Gourm    .   (no shield)
rNeg     . . .     Faith    .   p - +0 leather armour (curse)
rPois    .         Spirit   .   (helmet restricted)
rElec    .         Reflect  .   j - +2 cloak
rCorr    .         Harm     .   (no gloves)
MR       .....                  (boots unavailable)
Stlth    ++........             (no amulet)
HPRegen  0.10/turn              k - ring of wizardry
MPRegen  0.12/turn              (no ring)

@: brilliant
A: beak, talons 3, able to fly 1
a: Fly


You were on level 3 of the Dungeon.
You were not hungry.

You visited 1 branch of the dungeon, and saw 4 of its levels.

You collected 123 gold pieces.

Inventory:

Hand Weapons
 l - a +0 spear (weapon)
Missiles
 o - 21 poisoned needles
 r - 2 throwing nets (quivered)
 s - 6 tomahawks
 u - 26 sling bullets
Armour
 a - a +0 robe
 j - a +2 cloak (worn)
 p - a cursed +0 leather armour (worn)
Jewellery
 k - a ring of wizardry (left hand)
Scrolls
 d - 2 scrolls of fear {unknown}
 f - 2 scrolls of identify {unknown}
 i - 2 scrolls of amnesia {unknown}
 m - a scroll of teleportation {unknown}
 q - a scroll of enchant armour {unknown}
 w - a scroll of magic mapping {unknown}
Potions
 b - a potion of agility
 c - a potion of resistance {unknown}
 e - a potion of brilliance
 g - 2 potions of heal wounds {unknown}
 h - a potion of haste {unknown}
 t - a potion of might {unknown}
Comestibles
 n - 2 rations
 v - 4 chunks of flesh


   Skills:
 + Level 2.1 Fighting
 - Level 2.1 Dodging
 - Level 2.0 Stealth
 * Level 3.1 Spellcasting
 + Level 3.4 Conjurations
 + Level 5.8 Air Magic


You had 2 spell levels left.
You knew the following spells:

 Your Spells              Type           Power        Failure   Level  Hunger
a - Shock                 Conj/Air       ####         1%          1    None
b - Static Discharge      Conj/Air       #####...     1%          3    ###....
c - Airstrike             Air            #####.....   2%          4    ####...

Your spell library contained the following spells:

 Spells                   Type           Power        Failure   Level  Hunger
 Swiftness                Chrm/Air       ####....     1%          2    ##.....
 Lightning Bolt           Conj/Air       #####.....   9%          5    ######.


Dungeon Overview and Level Annotations

Branches:
Dungeon (4/15)
 Temple: D:4-7

Altars:
Fedhas
Makhleb
Xom


Innate Abilities, Weirdness & Mutations

You have a beak for a mouth.
You have claws for feet.
You can fly.


Message History

Aiming: Shock (safe; 1% risk of failure)
Press: ? - help, Shift-Dir - straight line The zap hits the iguana.
The iguana is lightly wounded.
The zap hits the iguana.
The iguana is moderately wounded.
The iguana bites you!
* * * LOW HITPOINT WARNING * * *
Casting: Shock (safe; 1% risk of failure)
Confirm with . or Enter, or press ? or * to list all spells.
Aiming: Shock (safe; 1% risk of failure)
Press: ? - help, Shift-Dir - straight line The zap hits the iguana.
The iguana is heavily wounded.
The zap misses the iguana.
The iguana barely misses you.
Unknown command.
It was a potion of brilliance.
You feel clever all of a sudden. The iguana bites you!
You die...

#.# #.# ### #.# #.#
#.. #.# ####.#### #..
#.# #.......# #.. #.#
#.......###.. #.#
#............
#####.###.......###..
#.......######### #..
#...@l..###########..
#....>...............
#.......#############
#.......#############
#<......##.........##
#.......##.........##
#....................
#.......##.........##
##########.........#


You could see an iguana.

Vanquished Creatures
  A hound (D:3)
  An orc wizard (D:3)
  3 adders
  3 oozes (D:2)
  2 worms
  3 dart slugs
  2 leopard geckos (D:3)
  9 orcs
  6 giant cockroaches
  9 goblins
  9 hobgoblins
  4 quokkas
  12 bats
  3 frilled lizards
  A jackal skeleton (D:3)
  6 kobolds
  8 rats
82 creatures vanquished.

Notes
Turn   | Place    | Note
-------+----------+-------------------------------------------
     0 | D:1      | CanOfBees the Tengu Air Elementalist began the quest for
                  | the Orb.
     0 | D:1      | Reached XP level 1. HP: 10/10 MP: 4/4
   273 | D:1      | Reached XP level 2. HP: 16/16 MP: 4/6
  1108 | D:1      | Reached XP level 3. HP: 20/20 MP: 4/7
  1141 | D:1      | Learned a level 3 spell: Static Discharge
  1360 | D:2      | Reached skill level 1 in Fighting
  1562 | D:2      | Found a blossoming altar of Fedhas.
  1659 | D:2      | Found a shimmering altar of Xom.
  2129 | D:2      | Reached skill level 5 in Air Magic
  2129 | D:2      | Reached XP level 4. HP: 25/25 MP: 2/8
  2237 | D:2      | Learned a level 4 spell: Airstrike
  3417 | D:3      | Gained mutation: You can fly. [Tengu growth]
  3417 | D:3      | Reached XP level 5. HP: 12/30 MP: 2/10
  4228 | D:3      | Found a burning altar of Makhleb.
  5050 | D:3      | Slain by an iguana

Vault maps used:
D:1:      scummos_arrival_forest
D:2:      lemuel_crystal_altar, nicolae_overflow_crystal_walls,
          kennysheep_generic_room_7
D:3:      makhleb_blood_cavern_becter
D:4:      kennysheep_mini_moat, minmay_temple_entry_mist, first_ration,
          serial_forest, infiniplex_forest_end_2, infiniplex_forest_end_3,
          infiniplex_forest_lined_3, infiniplex_forest_clump_C,
          infiniplex_forest_end_2, infiniplex_forest_corner_1,
          infiniplex_forest_lined_corner

Skill      XL: |  1  2  3  4  5 |
---------------+----------------+-----
Conjurations   | 2 3 |  3.4
Fighting       | 1 2 |  2.1
Air Magic      | 5 |  5.8
Spellcasting   | 3 |  3.1
Dodging        | |  2.1
Stealth        | |  2.0

Action                   |  1- 3 |  4- 6 || total
-------------------------+-------+-------++-------
Melee: Unarmed           |    10 |       ||    10
       Peck              |     4 |     4 ||     8
       Kick              |     3 |     8 ||    11
       Spear             |     3 |    33 ||    36
Throw: Throwing net      |       |     1 ||     1
 Cast: Shock             |    73 |    98 ||   171
       Static Discharge  |     2 |     6 ||     8
  Use: Potion            |       |     2 ||     2
  Eat: Chunk             |     2 |    10 ||    12
       Ration            |     1 |       ||     1
Armor: Robe              |     9 |     1 ||    10
       Leather armour    |       |    19 ||    19
Dodge: Dodged            |    13 |    35 ||    48

Table legend:
 A = Non-vault XP
 B = Vault XP
 C = Vault XP percentage of total XP
 D = Non-vault monster count
 E = Vault monster count
 F = Vault count percentage of total count
                 A         B        C        D         E       F
            +---------+---------+-------+---------+---------+-------
      Total |     241 |      50 |  17.2 |      79 |       3 |   3.7
            +---------+---------+-------+---------+---------+-------
        D:1 |      35 |       0 |   0.0 |      22 |       0 |   0.0
        D:2 |      69 |       4 |   5.5 |      22 |       2 |   8.3
        D:3 |     134 |      46 |  25.6 |      34 |       1 |   2.9
        D:4 |       3 |       0 |   0.0 |       1 |       0 |   0.0
            +---------+---------+-------+---------+---------+-------
